 Dungeon Crawl Stone Soup version 0.19.1 (console) character file.

16452 Morrissey the Bludgeoner (level 12, -2/119 HPs)
             Began as a Troll Berserker on Dec 24, 2016.
             Was an Elder of Trog.
             Slain by a black mamba (13 damage)
             ... on level 1 of the Lair of Beasts.
             The game lasted 00:35:37 (9938 turns).

Morrissey the Bludgeoner (Troll Berserker)          Turns: 9938, Time: 00:35:38

Health: -2/119     AC:  7    Str: 37    XL:     12   Next: 10%
Magic:  9/9        EV: 12    Int:  5    God:    Trog [****..]
Gold:   71         SH:  0    Dex: 11    Spells: 0 memorised, 11 levels left

rFire  . . .     SeeInvis +     w - +1 great mace (protect)
rCold  . . .     Gourm    +     S - +0 robe
rNeg   . . .     Faith    .     (shield currently unavailable)
rPois  +         Spirit   .     T - +0 hat {SInv}
rElec  .         Reflect  .     t - +1 cloak {+Inv}
rCorr  .         Harm     .     (gloves unavailable)
MR     .....                    (boots unavailable)
Stlth  ++........               W - amulet of Vitality {Regen+ HP+15}
                                I - +5 ring of strength
                                X - ring of poison resistance

@: lethally poisoned (-2 -> -2), exhausted, about to teleport, slowed, very slow
A: unfitting armour, claws 3, thin skeletal structure 1, clever 1, fast
metabolism 3, gourmand, low mp 1, regeneration 1, shaggy fur 1, tough skin 2
a: Berserk, Trog's Hand, Brothers in Arms, Burn Spellbooks, Renounce Religion,
Evoke Invisibility


You were on level 1 of the Lair of Beasts.
You worshipped Trog.
Trog was greatly pleased with you.
You were very full.

You visited 2 branches of the dungeon, and saw 11 of its levels.
You also visited: Sewer and Ossuary.

You collected 626 gold pieces.
You spent 555 gold pieces at shops.

Inventory:

Hand Weapons
 a - a +0 flail of protection
 b - a +0 whip of flaming
 f - a +0 giant club
 w - a +1 great mace of protection (weapon)
 R - a +5 vampiric executioner's axe
Missiles
 e - 6 javelins (quivered)
 x - 8 tomahawks
 B - 2 tomahawks of returning
 D - 5 silver tomahawks
Armour
 t - a +1 cloak of invisibility (worn)
 E - the +1 robe of Iwuiz {*Corrode rPois rC++ Int+3}
   (You found it on level 6 of the Dungeon)

   It affects your intelligence (+3).
   It greatly protects you from cold.
   It protects you from poison.
   It may corrode you when you take damage.
 S - a +0 robe (worn)
 T - a +0 hat of see invisible (worn)
Jewellery
 k - an uncursed ring of positive energy
 y - a +2 ring of protection
 I - a +5 ring of strength (right claw)
 J - a +2 ring of dexterity
 W - the amulet of Vitality (around neck) {Regen+ HP+15}
   (You bought it in a shop on level 9 of the Dungeon)

   [amulet of regeneration]

   It affects your health (+15).
   It increases your rate of regeneration.
 X - a ring of poison resistance (left claw)
Wands
 p - a wand of teleportation (4/9)
 q - a wand of acid (12/15)
 L - a wand of flame (38/48)
 Q - a wand of lightning (11/15)
 U - a wand of disintegration (10/24)
 Y - a wand of paralysis (19/24)
Scrolls
 n - 6 scrolls of teleportation
 o - 3 scrolls of enchant armour
 r - a scroll of blinking
 G - 5 scrolls of remove curse
 H - 2 scrolls of recharging
 V - a scroll of holy word
Potions
 d - 3 potions of cancellation
 h - 3 potions of cure mutation
 i - a potion of flight
 j - 2 potions of haste
 l - 2 potions of invisibility
 m - 2 potions of resistance
 u - 2 potions of might
 z - a potion of magic
 A - a potion of berserk rage
 F - a potion of heal wounds
 K - a potion of ambrosia
 O - a potion of agility
Comestibles
 c - 11 bread rations
 g - 2 beef jerkies
 s - a royal jelly
 v - 5 slices of pizza
 C - 18 fruits
 P - a meat ration
 Z - a chunk of flesh


   Skills:
 - Level 2.4 Fighting
 * Level 6.7(11.3) Axes
 - Level 15.0(15.5) Maces & Flails
 - Level 6.2 Dodging


You had 11 spell levels left.
You didn't know any spells.

Dungeon Overview and Level Annotations

Branches:
Dungeon (10/15)            Temple (0/1) D:6            Lair (1/6) D:9
    Orc: D:9-12

Altars:
Fedhas
Makhleb
Okawaru
Ru
Uskayaw
Xom
Beogh

Shops:
D:6 (   D:9 =

Portals:
Ice
Cave: Lair:1

Annotations:
D:8 exclusion: obsidian statue


Innate Abilities, Weirdness & Mutations

You are too large for most types of armour.
You have claws for hands.
Your metabolism is lightning-fast.
You like to eat raw meat.
Your natural rate of healing is unusually fast.
You are covered in fur. (AC +1)
You have very tough skin. (AC +2)
You have a somewhat thin skeletal structure. (Dex +2, Stealth)
Your mind is acute. (Int +2)
Your magical capacity is low. (-10% MP)


Message History

* * * LOW HITPOINT WARNING * * *
The basilisk bites you!
* * * LOW HITPOINT WARNING * * *
You are no longer berserk.
You feel yourself slow down. The black mamba bites you!
* * * LOW HITPOINT WARNING * * *
The black mamba completely misses you. The basilisk bites you!
* * * LOW HITPOINT WARNING * * *
You turn to flesh and can move again.
Unknown command.
Evoke which item? (* to show all) (? for menu, Esc to quit)
Zapping:
p - a wand of teleportation (5/9)
Press: ? - help, Shift-Dir - straight line, f - you You feel strangely unstable.
This wand has 4 charges left.
You feel sick. The black mamba misses you. The black mamba bites you.
* * * LOW HITPOINT WARNING * * *
The basilisk bites you!
* * * LOW HITPOINT WARNING * * *
The black mamba bites you!
You die...

#.........
#.........
##.........
#..........
#..........
#.......... #
#..lS...... ##
#..@....... .##
#...........
..##
#...........
..P#
#...........
...#
#...........
...#
####..........
...##
#.............
....#
####..........#
....#
##.#.....(....##


You could see a black mamba and a basilisk.

Vanquished Creatures
  Snorg (D:10)
  The ghost of Schattenjager the Slinger, a journeyman HaHu of Makhleb (Lair:1)
  An unseen horror (D:8)
  A hill giant (D:10)
  Pikel (D:5)
  Joseph (D:9)
  A spiny frog (Lair:1)
  2 rime drakes (Lair:1)
  An efreet (D:10)
  2 komodo dragons (Lair:1)
  Grinder (D:6)
  18 yaks
  A spriggan (D:7)
  2 basilisks (D:9)
  2 wraiths
  2 hungry ghosts (D:8)
  4 porcupines
  A water moccasin (D:10)
  2 orc warriors
  A phantom (D:10)
  4 slaves (D:5)
  2 black bears
  3 sky beasts
  An ice beast (D:7)
  6 necrophages
  4 centaurs
  10 ogres
  3 crocodiles
  A big kobold (D:8)
  8 bullfrogs
  A wyvern zombie (D:8)
  A water moccasin zombie (D:9)
  A water moccasin skeleton (D:8)
  2 scorpions
  8 killer bees
  5 wights (D:8)
  9 howler monkeys
  2 crimson imps
  A quasit (D:8)
  5 hounds
  A jelly (D:7)
  A centaur zombie (D:8)
  4 orc priests
  3 iron imps (D:3)
  An iguana (D:5)
  A bullfrog skeleton (D:5)
  4 orc wizards
  4 worker ants
  A killer bee zombie (D:6)
  3 mummies (Ossuary)
  A howler monkey zombie (D:8)
  A worker ant zombie (D:5)
  7 gnolls
  4 river rats (D:9)
  13 adders
  A howler monkey skeleton (D:7)
  2 shadow imps
  12 oozes
  2 worms
  19 leopard geckos
  36 orcs
  17 ball pythons
  18 giant cockroaches
  5 goblins
  7 hobgoblins
  2 jackals (D:2)
  A quokka (D:4)
  7 bats
  13 frilled lizards
  A giant cockroach zombie (D:6)
  2 goblin zombies (Ossuary)
  5 hobgoblin zombies (Ossuary)
  7 kobolds
  4 kobold zombies (Ossuary)
  A leopard gecko skeleton (D:7)
  A quokka skeleton (D:9)
  13 rats
348 creatures vanquished.

Vanquished Creatures (collateral kills)
  Gastronok (D:9)
  An orange crystal statue (D:8)
  An oklob plant (D:8)
  A bullfrog (D:9)
4 creatures vanquished.

Vanquished Creatures (others)
  5 bushes (D:8)
  A fungus (D:9)
  15 plants
21 creatures vanquished.

Grand Total: 373 creatures vanquished

Notes
Turn   | Place    | Note
-------+----------+-------------------------------------------
     0 | D:1      | Morrissey the Troll Berserker began the quest for the Orb.
     0 | D:1      | Reached XP level 1. HP: 22/22 MP: 0/0
   102 | D:1      | Reached skill level 3 in Maces & Flails
   159 | D:1      | Reached XP level 2. HP: 28/29 MP: 1/1
   392 | D:1      | Reached ** piety under Trog
   588 | D:2      | Reached XP level 3. HP: 36/36 MP: 2/2
   604 | D:2      | Reached skill level 4 in Maces & Flails
   817 | D:2      | Reached XP level 4. HP: 40/44 MP: 3/3
  1221 | D:3      | Reached skill level 5 in Maces & Flails
  1421 | D:3      | Reached *** piety under Trog
  1477 | D:3      | Found a burning altar of Makhleb.
  1495 | D:3      | Reached XP level 5. HP: 50/50 MP: 4/4
  1625 | D:3      | Reached skill level 6 in Maces & Flails
  1911 | D:4      | Noticed an ogre
  1917 | D:4      | Killed an ogre
  1917 | D:4      | Reached XP level 6. HP: 59/59 MP: 5/5
  2120 | D:5      | Entered Level 5 of the Dungeon
  2136 | D:5      | Reached skill level 7 in Maces & Flails
  2145 | D:5      | Reached XP level 7. HP: 66/66 MP: 6/6
  2261 | D:5      | Reached skill level 8 in Maces & Flails
  2524 | D:5      | Noticed Pikel
  2572 | D:5      | Killed Pikel
  2572 | D:5      | Reached skill level 9 in Maces & Flails
  2572 | D:5      | Reached XP level 8. HP: 70/74 MP: 7/7
  2699 | D:5      | Reached skill level 10 in Maces & Flails
  2801 | D:5      | Found a glowing drain.
  2809 | Sewer    | Entered a sewer
  2874 | Sewer    | Reached **** piety under Trog
  3438 | D:6      | Gained mutation: Your flesh is cold resistant. (rC+) [potion of mutation]
  3438 | D:6      | Gained mutation: You are clumsy. (Dex -2) [potion of mutation]
  3438 | D:6      | Gained mutation: Armour fits poorly on your strangely shaped body. [potion of mutation]
  3439 | D:6      | Lost mutation: You are clumsy. (Dex -2) [potion of cure mutation]
  3439 | D:6      | Lost mutation: Armour fits poorly on your strangely shaped body. [potion of cure mutation]
  3439 | D:6      | Lost mutation: Your flesh is cold resistant. (rC+) [potion of cure mutation]
  3483 | D:6      | Reached ***** piety under Trog
  3564 | D:6      | Noticed Grinder
  3565 | D:6      | Paralysed by Grinder for 7 turns
  3585 | D:6      | Killed Grinder
  3585 | D:6      | Reached skill level 11 in Maces & Flails
  3585 | D:6      | Reached XP level 9. HP: 76/80 MP: 8/8
  3623 | D:6      | Found Ekutulok's Weapon Shop.
  3714 | D:6      | Found a staircase to the Ecumenical Temple.
  3856 | D:6      | Got a ripped robe
  3867 | D:6      | Identified the +1 robe of Iwuiz {*Corrode rPois rC++ Int+3} (You found it on level 6 of the Dungeon)
  4059 | D:7      | Found a sand-covered staircase.
  4064 | Ossuary  | Entered an ossuary
  4310 | Ossuary  | Identified 2 scrolls of acquirement
  4492 | Ossuary  | Gained mutation: Your magical capacity is low. (-10% MP) [potion of mutation]
  4492 | Ossuary  | Gained mutation: You have a somewhat thin skeletal structure. (Dex +2, Stealth) [potion of mutation]
  4492 | Ossuary  | Gained mutation: Your mind is acute. (Int +2) [potion of mutation]
  4946 | D:7      | Reached skill level 12 in Maces & Flails
  5381 | D:8      | Found a hide-covered altar of Uskayaw.
  5381 | D:8      | Noticed an oklob plant
  5870 | D:8      | Reached skill level 13 in Maces & Flails
  5993 | D:8      | Reached XP level 10. HP: 81/88 MP: 8/8
  6173 | D:8      | Found a blossoming altar of Fedhas.
  6446 | D:8      | HP: 4/87 [poisoned by a killer bee]
  6741 | D:8      | Noticed an obsidian statue
  6832 | D:8      | Noticed an orange crystal statue
  6871 | D:8      | Killed an orange crystal statue
  6871 | D:8      | Reached skill level 14 in Maces & Flails
  6968 | D:8      | Killed an unseen horror
  6968 | D:8      | Received a gift from Trog
  7037 | D:8      | Found an iron altar of Okawaru.
  7037 | D:8      | Found a shimmering altar of Xom.
  7327 | D:8      | Killed an oklob plant
  7491 | D:8      | Noticed an orange demon
  7491 | D:8      | Noticed a rust devil
  7677 | D:9      | Found a sacrificial altar of Ru.
  7678 | D:9      | Noticed Joseph
  7711 | D:9      | Killed Joseph
  7893 | D:9      | Found Vontaez's Jewellery Emporium.
  7916 | D:9      | Found a staircase to the Lair.
  7942 | D:9      | Reached XP level 11. HP: 69/94 MP: 8/8
  7984 | D:9      | Reached skill level 5 in Dodging
  8060 | D:9      | Found a roughly hewn altar of Beogh.
  8411 | D:9      | Noticed Gastronok
  8426 | D:9      | Killed Gastronok
  8426 | D:9      | Reached skill level 15 in Maces & Flails
  8529 | D:9      | Found a sacrificial altar of Ru.
  8593 | D:10     | Entered Level 10 of the Dungeon
  8668 | D:9      | Bought the amulet of Vitality {Regen+ HP+15} for 555 gold pieces
  8713 | D:10     | Reached skill level 1 in Axes
  8812 | D:10     | Noticed a hill giant
  8820 | D:10     | Killed a hill giant
  9307 | D:10     | Noticed Snorg
  9319 | D:10     | Killed Snorg
  9475 | Lair:1   | Entered Level 1 of the Lair of Beasts
  9519 | Lair:1   | Found a frozen archway.
  9533 | Lair:1   | Reached skill level 5 in Axes
  9705 | Lair:1   | Reached XP level 12. HP: 103/104 MP: 9/9
  9750 | Lair:1   | Noticed Schattenjager's ghost (journeyman HaHu)
  9782 | Lair:1   | Killed Schattenjager's ghost
  9938 | Lair:1   | Slain by a black mamba

Skill      XL: |  1  2  3  4  5  6  7  8  9 10 11 |
---------------+----------------------------------+-----
Maces & Flails | 3 4 5 6 7 9 11 13 14 15 | 15.0
Dodging        | 3 6 |  6.2
Axes           | 6 |  6.7
Fighting       | |  2.4

Action                   |  1- 3 |  4- 6 |  7- 9 | 10-12 || total
-------------------------+-------+-------+-------+-------++-------
Melee: Mace              |    88 |     5 |       |       ||    93
       Flail             |       |   178 |   162 |       ||   340
       Whip              |       |       |   767 |   341 ||  1108
       Great mace        |       |       |       |   252 ||   252
       Executioner's axe |       |       |       |    27 ||    27
Throw: Javelin           |       |     3 |     3 |     5 ||    11
Invok: Berserk           |     1 |     2 |     3 |     8 ||    14
       Trog's Hand       |     1 |     1 |     6 |    11 ||    19
       Burn Spellbooks   |       |       |     1 |     1 ||     2
       Brothers in Arms  |       |       |       |     4 ||     4
Evoke: Wand              |       |       |       |     1 ||     1
  Use: Scroll            |     2 |    15 |    12 |     8 ||    37
       Potion            |       |       |     8 |     1 ||     9
 Stab: Sleeping          |     1 |       |     1 |     1 ||     3
       Distracted        |       |     1 |       |       ||     1
  Eat: Chunk             |    13 |    16 |    47 |    54 ||   130
       Meat ration       |       |       |       |     2 ||     2
Armor: Animal skin       |    41 |    98 |   203 |       ||   342
       Robe              |       |       |   110 |   145 ||   255
       Skin              |       |       |    15 |       ||    15
Dodge: Dodged            |    54 |   135 |   449 |   221 ||   859
